AoeStats
← ferderder1

Arabia

509604005Analyzed
1v1 RM · 5d ago on Sep 27, 2026· 37m 30s· 2 players
Game mode
Random Map
Map size
Tiny (2 player)
Population
200
Speed
Normal
Resources
Standard
Victory
Conquest
Starting age
Dark Age
Ending age
Imperial Age
RankedLock teamsTeams togetherTeam positionsShared explorationLock speedFull tech treeHidden civsTurbo modeCheats
Victory
Defeat
🇪🇸 Koreans · Spain
891
+16
🇪🇸 Mongols · Spain
891
-16
ferbalsan
3:23 Loom
10:14 Feudal Age
12:02 Scale Barding Armor
22:32 Castle Age
20:18 Double-Bit Axe
22:43 Horse Collar
25:06 Bow Saw
24:57 Heavy Plow
26:14 Town Watch
27:07 Wheelbarrow
28:45 Stone Mining
33:34 Chain Barding Armor
34:21 Fletching
ferderder1
0:29 Loom
5:20 Loom
11:36 Feudal Age
12:06 Double-Bit Axe
20:30 Gold Mining
21:05 Horse Collar
23:38 Castle Age
21:53 Scale Mail Armor
24:51 Forging
24:56 Chain Mail Armor
24:37 Arson
25:27 Bow Saw
25:35 Squires
27:52 Gold Shaft Mining
28:02 Stone Mining
30:23 Fletching
30:56 Town Watch
31:47 Wheelbarrow
33:21 Hand Cart
38:57 Imperial Age
38:04 Iron Casting
Connection lost

Rejoining the realm…

Still unreachable

The connection could not be restored.

Session expired

The server has moved on; the page needs a fresh start.